 Dungeon Crawl Stone Soup version 0.32-a0-818-gb728d0252e (webtiles) character file.

Game seed: 12889254986130884474

196 wilfster70 the Gusty (level 5, -11/38 HPs)
             Began as a Draconian Air Elementalist on Mar 23, 2024.
             Mangled by an ogre
             ... wielding a +0 giant club
              (24 damage)
             ... on level 4 of the Dungeon.
             The game lasted 00:09:08 (3345 turns).

wilfster70 the Gusty (Draconian Air Elementalist)   Turns: 3345, Time: 00:09:09

Health: -11/38     AC:  7    Str: 11    XL:     5   Next: 46%
Magic:  2/10       EV: 16    Int: 17    God:
Gold:   154        SH:  0    Dex: 11    Spells: 4/11 levels left

rFire   . . .        a - +0 rapier
rCold   . . .        (no shield)
rNeg    + . .        (body armour unavailable)
rPois   .            (helmet restricted)
rElec   .            s - +1 cloak
rCorr   .            (no gloves)
SInv    .            (no boots)
Will    .....        (no amulet)
Stlth   ++           o - ring of positive energy
HPRegen 0.26/turn    p - +5 ring of evasion
MPRegen 0.12/turn

%: no passive effects
@: no status effects
A: AC +5, unfitting armour, cold-blooded
a: no special abilities


You were on level 4 of the Dungeon.
You visited 1 branch of the dungeon, and saw 4 of its levels.

You collected 154 gold pieces.

Inventory:

Hand Weapons
 a - a +0 rapier (weapon)
Missiles
 m - a throwing net
Armour
 l - a +0 buckler
 s - a +1 cloak (worn)
Jewellery
 o - a ring of positive energy (left hand)
 p - a +5 ring of evasion (right hand)
Wands
 n - a wand of charming (5)
Scrolls
 b - a scroll of enchant armour {unknown}
 d - 3 scrolls of teleportation
 h - a scroll of vulnerability {unknown}
 i - a scroll of blinking {unknown}
 k - 2 scrolls of summoning {unknown}
 r - a scroll of brand weapon {unknown}
Potions
 c - 2 potions of magic
 e - a potion of haste
 f - a potion of ambrosia
 g - a potion of curing
 j - a potion of attraction {unknown}
 q - a potion of cancellation


   Skills:
 - Level 1.7 Dodging
 - Level 1.7 Stealth
 + Level 3.7 Spellcasting
 - Level 1.0 Conjurations
 * Level 5.1 Air Magic


You had 4 spell levels left.
You knew the following spells:

 Your Spells              Type           Power      Damage    Failure   Level
a - Shock                 Conj/Air       52%        1d6       4%          1
b - Static Discharge      Conj/Air       26%        3-5/arc   7%          2
c - Airstrike             Air            10%        2d(2-18)  21%         4

Your spell library contained the following spells:

 Spells                   Type           Power      Damage    Failure   Level
 Swiftness                Air            20%        N/A       6%          3
 Cigotuvi's Dreadful Rot  Necr/Alch/Air  16%        N/A       12%         2
 Ignite Poison            Fire/Alch      3%         N/A       85%         4
 Freezing Cloud           Conj/Ice/Air   5%         6-21      89%         5


Dungeon Overview and Level Annotations

Branches:
Dungeon (4/15)
 Temple: D:4-7

Altars:
Dithmenos
Kikubaaqudgha
Ru
Xom
Zin

Shops:
D:2 :

Annotations:
D:3 1 transporter, MagicSucks's ghost, amateur NaEn


Innate Abilities, Weirdness & Mutations

Your plain brown scales are hard. (AC +5)
You cannot fit into any form of body armour.
You are cold-blooded and may be slowed by cold attacks.


Message History

Aiming: Shock (safe; 4% risk of failure)
Press: ? - help, Shift-Dir - straight line, f/p - ogre
Aim: an ogre, wielding a +0 giant club (moderately wounded, 85% to hit)
The zap hits the ogre.
The ogre is heavily wounded.
The ogre hits you with a +0 giant club!!
Ouch! That really hurt!
Casting: Shock (safe; 4% risk of failure)
Confirm with . or Enter, or press ? or * to list all spells.
Aiming: Shock (safe; 4% risk of failure)
Press: ? - help, Shift-Dir - straight line, f/p - ogre
Aim: an ogre, wielding a +0 giant club (moderately wounded, 85% to hit)
The zap hits the ogre.
The ogre is heavily wounded.
The ogre misses you.
Casting: Shock (safe; 4% risk of failure)
Confirm with . or Enter, or press ? or * to list all spells.
Aiming: Shock (safe; 4% risk of failure)
Press: ? - help, Shift-Dir - straight line, f/p - ogre
Aim: an ogre, wielding a +0 giant club (heavily wounded, 85% to hit)
The zap hits the ogre.
The ogre is heavily wounded.
Casting: Shock (safe; 4% risk of failure)
Confirm with . or Enter, or press ? or * to list all spells.
Aiming: Shock (safe; 4% risk of failure)
Press: ? - help, Shift-Dir - straight line, f/p - ogre
Aim: an ogre, wielding a +0 giant club (heavily wounded, 85% to hit)
The zap hits the ogre.
The ogre is severely wounded.
The ogre closely misses you.
Casting: Shock (safe; 4% risk of failure)
Confirm with . or Enter, or press ? or * to list all spells.
Aiming: Shock (safe; 4% risk of failure)
Press: ? - help, Shift-Dir - straight line, f/p - ogre
Aim: an ogre, wielding a +0 giant club (severely wounded, 85% to hit)
The zap hits the ogre.
The ogre is almost dead.
The ogre hits you with a +0 giant club!!
Ouch! That really hurt!
You die...

......##....####...#######
....#.##.#### #.#..##
#####.##.#######.#...#
#..................>#
#####..#.#######.###########
...##..#.# #)##.........
...##..#.#######..........#
...##.........gO..........#
.........#######@.........#
.........# #<.........##
.........# #............
.........##### #...........#
.............# ####..#####+##
...##........# #...........#
...##........# #..##'##.....#
#####........##..##~.~##....#
# #........#..##~~.~≈##)..#


You could see an ogre and a goblin.

Vanquished Creatures
  A howler monkey (D:4)
  7 gnolls
  An adder (D:3)
  5 dart slugs
  A ribbon worm (D:3)
  6 endoplasms
  7 giant cockroaches
  9 goblins
  11 hobgoblins
  3 quokkas (D:2)
  2 ball pythons
  A bat (D:2)
  3 frilled lizards
  6 kobolds
  7 rats
70 creatures vanquished.

Notes
Turn   | Place    | Note
-------+----------+-------------------------------------------
     0 | D:1      | wilfster70 the Draconian Air Elementalist began the quest
                  | for the Orb.
     0 | D:1      | Reached XP level 1. HP: 14/14 MP: 3/3
    97 | D:1      | Reached XP level 2. HP: 15/20 MP: 0/5
   998 | D:2      | Found an ancient bone altar of Kikubaaqudgha.
  1020 | D:1      | Reached XP level 3. HP: 25/26 MP: 5/7
  1023 | D:1      | Learned a level 2 spell: Static Discharge
  1114 | D:1      | Reached skill level 4 in Air Magic
  1220 | D:2      | Reached XP level 4. HP: 33/33 MP: 5/8
  1363 | D:2      | Learned a level 4 spell: Airstrike
  1426 | D:2      | Found Qekhuo's Book Boutique.
  2330 | D:3      | Found a transporter.
  2332 | D:3      | Identified the +10 dire flail "Kakont Ipti" {speed, rC-
                  | Dex+5 SInv}
  2332 | D:3      | Noticed an ogre
  2333 | D:3      | Noticed MagicSucks's ghost (amateur NaEn)
  2333 | D:3      | Noticed an ogre
  2336 | D:3      | Noticed an ogre
  2398 | D:3      | Found a shadowy altar of Dithmenos.
  2823 | D:3      | Reached XP level 5. HP: 38/38 MP: 8/10
  2913 | D:3      | Found a shimmering altar of Xom.
  3031 | D:4      | Reached skill level 5 in Air Magic
  3226 | D:4      | Found a glowing silver altar of Zin.
  3226 | D:4      | Found an ancient bone altar of Kikubaaqudgha.
  3226 | D:4      | Found a sacrificial altar of Ru.
  3312 | D:4      | Noticed an ogre
  3345 | D:4      | Mangled by an ogre

Illustrated notes

Levels and vault maps discovered:
D:1:      saegor_arrival_fortress, layout_basic, feat_on_display
D:2:      layout_basic, basic_altar, serial_shops, nicolae_lakefront_shop
D:3:      layout_basic, xom_teletrap_fun, lemuel_coloured_pillars_altar,
          gammafunk_ghost_smash
D:4:      layout_basic, gammafunk_temple_overflow_claw, abandoned_shop,
          uniq_edmund

Skill      XL: |  1  2  3  4  5 |
---------------+----------------+-----
Spellcasting   | 3 |  3.7
Air Magic      | 4 5 |  5.1
Dodging        | |  1.7
Stealth        | |  1.7
Conjurations   | |  1.0

Action                     |  1- 3 |  4- 6 || total
---------------------------+-------+-------++-------
  Melee: Rapier            |    38 |    17 ||    55
         Tailslap          |     2 |     2 ||     4
   Cast: Shock             |    41 |   105 ||   146
    Use: Scroll            |     1 |     4 ||     5
         Potion            |     1 |       ||     1
   Stab: Sleeping          |     2 |     1 ||     3
 Armour: Skin              |    55 |    40 ||    95
  Dodge: Dodged            |    48 |    35 ||    83

Table legend: (Time is in decaauts)
 A = Elapsed time spent in this place.
 B = Non-inter-level travel time spent in this place.
 C = Inter-level travel time spent in this place.
 D = Time resting spent in this place.
 E = Time spent auto-exploring this place.
 F = Levels seen in this place.
 G = Mean time per level.
                   A        B        C        D        E       F      G
               +--------+--------+--------+--------+--------+-----+--------+
         Total |   3358 |   3311 |     47 |    777 |   1211 |   4 |  839.5 |
       Dungeon |   3358 |   3311 |     47 |    777 |   1211 |   4 |  839.5 |
               +--------+--------+--------+--------+--------+-----+--------+

Top non-repeatable levels by time:
     D:1: 1194 daAuts
     D:3: 1068 daAuts
     D:2: 855 daAuts
     D:4: 241 daAuts
